 Dungeon Crawl Stone Soup version 0.14-a0-2374-ge879b5e (webtiles) character file.

167 Kae the Charmwright (level 4, -1/33 HPs)
             Began as a Demonspawn Skald on Feb 1, 2014.
             Was an Initiate of Okawaru.
             Slain by Jessica (3 damage)
             ... on Level 2 of the Dungeon.
             The game lasted 00:04:24 (2219 turns).

Kae the Charmwright (Demonspawn Skald)              Turns: 2219, Time: 00:04:25

HP  -1/33        AC  3     Str 14      XL: 4   Next: 47%
MP   4/7         EV 12     Int 13      God: Okawaru [......]
Gold 67          SH  0     Dex 12      Spells:  1 memorised,  6 levels left

rFire  . . .     SeeInvis .     a - +0,+2 mace
rCold  . . .     Clarity  .     b - +0 leather armour
rNeg   . . .     Conserve .     (no shield)
rPois  .         rCorr    .     (no helmet)
rElec  .         rRot     .     (no cloak)
SustAb . .       Spirit   .     (no gloves)
rMut   .         Warding  .     (no boots)
Saprov . . .     Stasis   .     (no amulet)
MR     .....                    (no ring)
                                (no ring)

@: not resistant to hostile enchantments, very unstealthy
A: repulsion field 1, powered by death 1, powered by pain 1
a: Renounce Religion


You were on level 2 of the Dungeon.
You worshipped Okawaru.
Okawaru was noncommittal.
You were near starving.

You visited 1 branch of the dungeon, and saw 3 of its levels.

You collected 67 gold pieces.

Inventory:

Hand weapons
 a - a +0,+2 mace (weapon)
Armour
 b - a +0 leather armour (worn)
Magical devices
 q - a wand of confusion (14)
Comestibles
 d - 3 bread rations
 p - an apple
Scrolls
 e - a scroll of teleportation
 g - 4 scrolls of identify
 h - 4 scrolls of remove curse
 j - a scroll of fog {unknown}
 k - 2 scrolls of immolation {unknown}
 m - 2 scrolls of curse armour {unknown}
 o - a scroll of enchant armour {unknown}
 t - a scroll of noise {unknown}
 v - a scroll of blinking {unknown}
Jewellery
 r - an uncursed ring of teleportation
 s - a cursed +1 ring of strength {unknown}
Potions
 f - a potion of restore abilities {unknown}
 i - 2 potions of degeneration {unknown}
 l - 2 potions of magic {unknown}
 n - 2 potions of curing
 u - a potion of confusion {unknown}
Books
 c - a book of Battle

   Spells                             Type                      Level
   *Infusion                          Charms                       1
   Shroud of Golubria                 Charms/Translocation         2
   Song of Slaying                    Charms                       2
   Spectral Weapon                    Hexes/Charms                 3
   Regeneration                       Charms/Necromancy            3


   Skills:
 - Level 2.0 Fighting
 * Level 3.6 Maces & Flails
 - Level 0.8 Armour
 - Level 0.8 Dodging
 - Level 2.0 Spellcasting
 + Level 3.6 Charms


You had 6 spell levels left.
You knew the following spells:

 Your Spells              Type           Power        Failure   Level  Hunger
a - Infusion              Chrm           ##....       8%          1    ##.....


Dungeon Overview and Level Annotations

Branches:
Dungeon (3/16)

Altars:
Okawaru
Sif Muna
Trog

Annotations:
D:2 Jessica
D:3 wojtek's ghost, average KoAs


Innate Abilities, Weirdness & Mutations

You are surrounded by a mild repulsion field (EV +2).
You can steal the life force of nearby defeated enemies.
You sometimes gain a little power by taking damage.


Message History

You feel yourself speed up.
You are near starving!
The hobgoblin misses you. The hobgoblin barely misses you.
Your leather armour prevents you from hitting the hobgoblin.
The hobgoblin is almost dead.
Jessica completely misses you.
The hobgoblin hits you with an orcish club.
* * * LOW HITPOINT WARNING * * *
You barely miss the hobgoblin.
The hobgoblin is almost dead.
Jessica hits you.
* * * LOW HITPOINT WARNING * * *
Jessica barely misses you.
The hobgoblin hits you with an orcish club.
* * * LOW HITPOINT WARNING * * *
You hit the hobgoblin.
You kill the hobgoblin!
Okawaru accepts your kill. Jessica hits you.
You die...

###.....##...#............##.#
########.##..###..........##.#
##^#####'##...............##.#
##.......##...............##.#
##..._...##.........########.#
###.)...##.##.......#### #.#
..##...##..............#####.###
...#...........@...............#
....)..........)@..............#
...#.######....................#
...#.# #....................#
...#.# #............#########
...#<# ############## #'##.#
#.##.# #.##.# #.##.#


You could see Jessica.

Vanquished Creatures
  Ijyb (D:2)
  2 adders (D:2)
  3 giant geckos
  An orc (D:2)
  3 bats
  5 giant cockroaches
  8 goblins
  11 hobgoblins
  7 jackals
  2 quokkas (D:2)
  5 giant newts
  6 kobolds
  5 rats
59 creatures vanquished.

Notes
Turn   | Place    | Note
--------------------------------------------------------------
     0 | D:1      | Kae, the Demonspawn Skald, began the quest for the Orb.
     0 | D:1      | Reached XP level 1. HP: 16/16 MP: 3/3
   234 | D:1      | Gained mutation: You can steal the life force of nearby defeated enemies. [demonic ancestry]
   234 | D:1      | Reached XP level 2. HP: 9/22 MP: 4/4
   490 | D:1      | Reached skill level 3 in Charms
   773 | D:1      | Gained mutation: You are surrounded by a mild repulsion field (EV +2). [demonic ancestry]
   773 | D:1      | Reached XP level 3. HP: 24/27 MP: 6/6
  1130 | D:2      | Found a deep blue altar of Sif Muna.
  1131 | D:2      | Found a bloodstained altar of Trog.
  1132 | D:2      | Found an iron altar of Okawaru.
  1164 | D:2      | Became a worshipper of Warmaster Okawaru
  1296 | D:2      | Found a bloodstained altar of Trog.
  1436 | D:2      | Gained mutation: You sometimes gain a little power by taking damage. [demonic ancestry]
  1436 | D:2      | Reached XP level 4. HP: 28/33 MP: 7/7
  1862 | D:3      | Noticed wojtek's ghost (average KoAs)
  2142 | D:3      | Noticed Ijyb
  2142 | D:3      | Noticed Jessica
  2154 | D:2      | Killed Ijyb
  2218 | D:2      | HP: 1/33 [hobgoblin/orcish club (1)]
  2219 | D:2      | Slain by Jessica

Action                   |  1- 3 |  4- 6 || total
-------------------------+-------+-------++-------
Melee: Mace              |   135 |    36 ||   171
 Cast: Infusion          |     4 |     3 ||     7
  Use: Scroll            |     3 |       ||     3
       Potion            |       |     1 ||     1
 Stab: Sleeping          |     1 |       ||     1
